Cogmind - Beta 16 @@@ ROGUE MODE // 2025.10.30 @ 16:48:33 Player: s o o t h s a y e r Result: Destroyed by WP-Y9S(R) with Subdweller Machine Gun Performance ------------- Evolutions (0) 0 Regions Visited (2) 400 Robots Destroyed (19) 95 Value Destroyed (546) 546 Prototype IDs (0) 0 Alien Tech Used (0) 0 Bonus (0) 0 TOTAL SCORE: 1041 Bonus ------- None Cogmind --------- Core Integrity 0/250 Matter 300/300 Energy 80/100 System Corruption 0% Temperature Cool (0) Movement Rolling (110) Location -10/Subcaves Parts ------- > --- POWER (1) -------- Subdweller Power Source > --- PROPULSION (2) --- Subdweller Monowheel > --- UTILITY (2) ------ Subdweller Optics > --- WEAPON (2) ------- Subdweller Machine Gun Subdweller Machine Gun > --- INVENTORY (5) ---- Subdweller Optics Armor Integrity Analyzer Scrap Shield Peak State ------------ > --- POWER ------------ Subdweller Power Source > --- PROPULSION ------- Carbon-fiber Leg Carbon-fiber Leg > --- UTILITY ---------- Subdweller Optics ECM Suite > --- WEAPON ----------- Medium Laser Makeshift Laser > --- INVENTORY -------- Subdweller Power Source Heat Sink Subdweller Optics Datajack [Rating: 16] Favorites ----------- Power Subdweller Power Source Engine Subdweller Power Source Propulsion Light Treads Treads Light Treads Leg Carbon-fiber Leg Wheel Subdweller Monowheel Flight Unit Flight Unit Utility ECM Suite Device ECM Suite Storage Large Storage Unit Weapon Makeshift Laser Energy Gun Makeshift Laser Energy Cannon Subdweller Beam Cannon Ballistic Gun Light Assault Rifle Ballistic Cannon Light Cannon Special Melee Weapon Datajack Build | -11 -10 -10 ------- Run | Yrd Mat Sub Slots Evolved . | . . . Power . | . . . Propulsion . | . . . Utility . | . . . Weapon . | . . . Parts Attached 34 | 7 10 17 Power 6 | 1 2 3 Engine 6 | 1 2 3 Core . | . . . Reactor . | . . . Propulsion 11 | 2 2 7 Treads 3 | 2 . 1 Leg 2 | . . 2 Wheel 4 | . . 4 Hover . | . . . Flight 2 | . 2 . Utility 7 | 2 3 2 Device 5 | 1 2 2 Storage 2 | 1 1 . Processor . | . . . Hackware . | . . . Protection . | . . . Artifact . | . . . Weapon 10 | 2 3 5 Energy Gun 4 | 1 1 2 Energy Cannon 1 | . . 1 Ballistic Gun 3 | 1 . 2 Ballistic Cannon 1 | . 1 . Launcher . | . . . Special Weapon . | . . . Impact Weapon . | . . . Slashing Weapon . | . . . Piercing Weapon . | . . . Special Melee Weapon 1 | . 1 . Unidentified Prototypes . | . . . Parts Lost 6 | . 3 3 Power . | . . . Propulsion 3 | . 1 2 Utility 2 | . 1 1 Weapon 1 | . 1 . Highest Loss Streak 2 | . 2 2 To Critical Strikes 1 | . 1 . Average Backups 4 | 3 5 3 Power . | . . . Propulsion 1 | 1 2 . Utility 2 | . 1 2 Weapon . | . . . Tool/Special . | . . . Unused Backups 11 | . 2 9 Power 1 | . . 1 Propulsion 4 | . 2 2 Utility 6 | . . 6 Weapon . | . . . Tool/Special . | . . . Average Slot Usage (%) 87 | . 83 91 Engine 13 | . 13 14 Treads 9 | . 17 1 Leg 2 | . . 5 Wheel 5 | . . 10 Flight 6 | . 9 3 Device 19 | . 11 27 Storage 4 | . 9 . Energy Gun 11 | . 1 20 Ballistic Gun 5 | . 7 3 Ballistic Cannon 3 | . 7 . Special Melee Weapon 3 | . 4 1 Peak Build Rating 16 | 7 7 16 Average Rating 9 | 4 5 13 On Entrance 4 | . 7 5 Avg Prop Armor Cover (%) 11 | . . 11 Naked Turns . | . . . Heaviest Build 30 | 14 30 17 Greatest Support 40 | 40 40 40 Greatest Overweight (x) 8 | . 8 4 Average Overweight (x) . | . . . Largest Inventory Capacity 15 | 8 15 5 Average Capacity 7 | 6 10 5 Most Carried 8 | 5 8 5 Average Carried 4 | 3 5 4 Final Capacity 8 | 8 5 5 Final Carried 5 | 4 5 4 Class Distribution -------------------- 84% | Mutant 15% | Scavenger-Mutant Dominant Class ---------------- Mutant | -10/Materials Mutant | -10/Subcaves Resources | -11 -10 -10 ----------- Run | Yrd Mat Sub Matter Collected 716 | 266 174 276 Remotely 221 | 126 15 80 Salvage Created 553 | 52 220 281 Parts 40 | 4 20 16 Haulers Intercepted . | . . . Recyclers Shooed . | . . . Parts Field Recycled . | . . . Retrieved Matter . | . . . Parts Self-Destructed 11 | . . 11 Prevented . | . . . Parts Restored . | . . . Kills | -11 -10 -10 ------- Run | Yrd Mat Sub Combat Hostiles Destroyed 15 | . 8 7 Guns 9 | . 2 7 Cannons 3 | . 3 . AOE 3 | . 3 . Classes Destroyed 6 | 1 4 1 Builder 1 | . 1 . Recycler 1 | 1 . . Watcher 2 | . 2 . Swarmer 3 | . 3 . Grunt 5 | . 5 . Subdweller 7 | . . 7 Best Kill Streak 6 | 1 6 2 Combat Bots Only 5 | . 5 2 Max Kills in Single Turn 3 | 1 3 1 Gunslinging . | . . . Exploded 2 | . 2 . Melee . | . . . Uniques/NPCs Destroyed . | . . . Combat | -11 -10 -10 -------- Run | Yrd Mat Sub Hostile Shots Fired 111 | . 68 43 Missed 27 | . 14 13 Hits 84 | . 54 30 Projectile 84 | . 54 30 Critical Strikes 4 | . 2 2 Damage Taken 1287 | . 617 670 Core 261 | . 91 170 Absorbed by Shields . | . . . Core Remaining (%) 100 | 100 . . Volleys Fired 67 | 1 34 32 Largest 2 | 2 2 2 Hottest 100 | 60 70 100 Shots Fired 126 | 2 60 64 Gun 98 | 2 32 64 Cannon 28 | . 28 . Launcher . | . . . Special . | . . . Kinetic 74 | 1 50 23 Thermal 41 | . . 41 Explosive . | . . . Electromagnetic 11 | 1 10 . Robot Hit Streak 25 | 2 9 25 Robot Miss Streak 4 | . 4 1 Penetration Max . | . . . Secondary Targets 2 | . . 2 Max Gunslinging Chain 1 | . . 1 Shots Hit Robots 92 | 2 34 56 Core Hits 39 | 2 21 16 Critical Kills . | . . . Critical Parts Destroyed 1 | . . 1 Critical Strikes 8 | . . 8 Burn 5 | . . 5 Destroy 3 | . . 3 Melee Attacks . | . . . Impact . | . . . Slashing . | . . . Piercing . | . . . Sneak Attacks . | . . . Combat Hostiles . | . . . Follow-up Attacks . | . . . Damage Inflicted 1566 | 19 627 920 Guns 1091 | 19 152 920 Cannons 262 | . 262 . Explosions 213 | . 213 . Melee . | . . . Ramming . | . . . Kinetic 766 | 7 369 390 Thermal 743 | . 213 530 Explosive . | . . . Electromagnetic 57 | 12 45 . Impact . | . . . Slashing . | . . . Piercing . | . . . Highest Corruption . | . . . Average Corruption . | . . . Corruption Purged . | . . . Corruption Blocked . | . . . Overload Shots . | . . . Overflow Damage 5 | . 5 . Projectiles 5 | . 5 . Explosions . | . . . Melee . | . . . Knockbacks 4 | . 4 . Impact . | . . . Kinetic 4 | . 4 . Secondary . | . . . Self-Inflicted Damage 33 | . 33 . Shots 1 | . 1 . Rammed . | . . . Targets Rammed . | . . . Kicked . | . . . Crushed . | . . . Highest Temperature 66 | 20 66 4 Average Temperature 27 | 15 29 3 Received Heat Transfer 315 | . 207 108 Siege Activations . | . . . Martial Activations . | . . . Shielding Activations . | . . . Robots Disrupted . | . . . Combat Hostiles . | . . . Robots Corrupted . | . . . Combat Hostiles . | . . . Parts Fried . | . . . Impact Corruptions . | . . . Robots Melted . | . . . Combat Hostiles . | . . . Parts Melted 7 | . 2 5 Heat Transferred 2065 | . 400 1665 Parts Sabotaged . | . . . Parts Stolen . | . . . Parts Stripped . | . . . Power Chain Reactions 2 | . 2 . Alert | -11 -10 -10 ------- Run | Yrd Mat Sub Maximum Alert Level . | . . . Low Security (%) 100 | 100 100 . Level 1 . | . . . Level 2 . | . . . Level 3 . | . . . Level 4 . | . . . Level 5 . | . . . High Security . | . . . Max Security . | . . . Peak Influence 117 | 5 117 . Initial . | . . . Average 18 | 1 20 . Influence Increases 265 | 5 260 . Destroy 0b10 Robot/C 160 | . 160 . Destroy 0b10 Robot/NC 20 | 5 15 . Destroy Leader 34 | . 34 . Disable Machine 15 | . 15 . Destroy Structure 6 | . 6 . Partial Spotted 15 | . 15 . Lose Combat Pursuer 15 | . 15 . Influence Decreases 265 | 5 260 . Time Decay 139 | 5 134 . Lost Part 26 | . 26 . Purge Threat 100 | . 100 . Squads Dispatched 1 | . 1 . Investigation . | . . . Extermination . | . . . Reinforcement 1 | . 1 . Assault . | . . . Garrison . | . . . Intercept . | . . . Searches Triggered . | . . . Construction Impeded . | . . . Haulers Reinforced . | . . . Active Scanning Responses . | . . . Cargo Convoy Interrupts . | . . . Stealth | -11 -10 -10 --------- Run | Yrd Mat Sub Distress Signals 3 | . 3 . Communications Jammed . | . . . Distress Signals . | . . . Times Spotted 29 | . 14 15 Peak Tracking Total 5 | . 5 5 Tactical Retreats 3 | . 2 1 ECM-based Alert Blocks 2 | . 2 . Traps | -11 -10 -10 ------- Run | Yrd Mat Sub Traps Triggered 3 | . 3 . Indirectly . | . . . Trap Hack Attempts . | . . . Triggered . | . . . Disarmed . | . . . Reprogrammed . | . . . Reused . | . . . Traps Extracted . | . . . Installed . | . . . Triggered . | . . . Machines | -11 -10 -10 ---------- Run | Yrd Mat Sub Machines Disabled 1 | . 1 . Max in Single Turn 1 | . 1 . Machines Repaired . | . . . Machines Dismantled . | . . . Machines Sabotaged . | . . . Overloaded Fab Kills . | . . . Hacking | -11 -10 -10 --------- Run | Yrd Mat Sub Machines Accessed 4 | . 4 . Terminals 4 | . 4 . Fabricators . | . . . Repair Stations . | . . . Recycling Units . | . . . Scanalyzers . | . . . Garrison Access . | . . . Total Hacks 7 | . 7 . Successful 4 | . 4 . Failed 3 | . 3 . Catastrophic . | . . . Database Lockouts . | . . . Manual . | . . . Terminals 7 | . 7 . Fabricators . | . . . Repair Stations . | . . . Recycling Units . | . . . Scanalyzers . | . . . Garrison Access . | . . . Terminal Hacks 4 | . 4 . Record 2 | . 2 . Alert Level 1 | . 1 . Unreport Threat 1 | . 1 . Fabricator Hacks . | . . . Repair Station Hacks . | . . . Recycling Unit Hacks . | . . . Scanalyzer . | . . . Garrison Access Hacks . | . . . Unauthorized Hacks . | . . . Terminals . | . . . Fabricators . | . . . Repair Stations . | . . . Recycling Units . | . . . Scanalyzers . | . . . Garrison Access . | . . . Data Cores Recovered . | . . . Used . | . . . Hacking Detections 2 | . 2 . Full Trace Events . | . . . Feedback Events . | . . . Feedback Blocked . | . . . Robot Schematics Acquired . | . . . Robots Built . | . . . Authchips . | . . . Time . | . . . Total Robot Build Rating . | . . . Part Schematics Acquired . | . . . Parts Built . | . . . Authchips . | . . . Time . | . . . Total Part Build Rating . | . . . Part Studies Acquired . | . . . Parts Repaired . | . . . Time . | . . . Parts Recycled . | . . . Recycled Matter . | . . . Retrieved Matter . | . . . Retrieved Components . | . . . Parts Scanalyzed . | . . . Part Schematics Acquired . | . . . Parts Damaged . | . . . Bothacking | -11 -10 -10 ------------ Run | Yrd Mat Sub Used RIF Installer . | . . . Robots Hacked . | . . . Non-combat . | . . . Combat . | . . . Robot Hacks Applied . | . . . Relay Couplers Released . | . . . Fabnet Peak Effective % . | . . . Robots Rewired . | . . . Allies Hacked . | . . . Hacks Repelled . | . . . Allies | -11 -10 -10 -------- Run | Yrd Mat Sub Total Allies . | . . . Largest Group . | . . . Highest-Rated Group . | . . . Highest-Rated Ally . | . . . Total Orders . | . . . Ally Attacks . | . . . Total Damage . | . . . Kills . | . . . Allies Corrupted . | . . . Allies Melted . | . . . Intel | -11 -10 -10 ------- Run | Yrd Mat Sub Active Infowar (turns) 1139 | . 420 719 Optics 644 | . . 644 Terrain 222 | . 222 . ECM 908 | . 198 710 Robot Analysis Total . | . . . Derelict Logs Recovered . | . . . Drone Launches . | . . . Drone Recoveries . | . . . Exploration | -11 -10 -10 ------------- Run | Yrd Mat Sub Turns Passed 1500 | 80 701 719 Spaces Moved 959 | 42 363 554 Core 12 | 5 4 3 Treads 265 | 37 211 17 Legs 106 | . . 106 Wheels 251 | . . 251 Hover . | . . . Flight 325 | . 148 177 Fastest Speed 37 | 50 37 37 Average Speed 101 | 146 114 89 Slowest Speed 450 | 160 450 250 Overloaded Moves . | . . . Propulsion Burnouts . | . . . Robots Hopped . | . . . Potential Cave-ins . | . . . Cave-ins Triggered . | . . . Exploration Rate (%) 36 | 4 57 49 Regions Visited 2 Branch Regions 1 Pre-discovered Areas . | . . . Known Exits Taken . | . . . Unknown Exits Taken 2 | 1 1 . Scrap Searched 3 | . . 3 Spaces Dug . | . . . Terrain Destroyed 4 | . 4 . Melee . | . . . Projectile . | . . . AOE 4 | . 4 . Terrain Rammed . | . . . Walls Destroyed . | . . . Machines Disabled . | . . . Actions | -11 -10 -10 --------- Run | Yrd Mat Sub Total 1375 | 57 594 724 Wait 252 | . 172 80 Move 957 | 41 362 554 Hop . | . . . Pick Up 34 | 8 10 16 Fast Attach 10 | 3 2 5 Attach 19 | 4 6 9 Detach 2 | . . 2 Swap 7 | . 2 5 Drop 27 | . 6 21 Fire 67 | 1 34 32 Melee . | . . . Ram . | . . . Kick . | . . . Crush . | . . . Escape Stasis . | . . . Rewire . | . . . Trap . | . . . Miscellaneous . | . . . Route ------- -11/Scrapyard -10/Materials (discovered 2 exits: [*Mat] / [*Sub]) -10/Subcaves History --------- Turn | Location | Event 14 | -11/Scrapyard | Discovered new exit (range 15) 81 | -11/Scrapyard | Entered Materials 306 | -10/Materials | Build established: Mutant 349 | -10/Materials | Discovered new exit (range 10) 600 | -10/Materials | Discovered new exit (range 12) 782 | -10/Materials | Entered Subcaves 783 | -10/Subcaves | Approached by a straggling Scientist 902 | -10/Subcaves | Ambushed by swarm of Subdwellers 957 | -10/Subcaves | Lost 4 allies 1056 | -10/Subcaves | Ambushed by Subdweller buried in earth 1140 | -10/Subcaves | Core integrity fell below 50% 1459 | -10/Subcaves | Core integrity fell below 20% 1501 | -10/Subcaves | Destroyed by WP-Y9S(R) with Subdweller Machine Gun Last Messages --------------- Shield. Sub. Monowheel destroyed. 9Z-2J9(R) destroyed. Acquired 12 matter. Acquired 10 matter. Acquired Sub. Machine Gun. Dropped Mak. Laser. Sub. Power Source shoots sparks and powers down. WP-Y9S(R): "SUBHATE!" Acquired 10 matter. Acquired 4 matter. WP-Y9S(R) suffers critical hit (Destroy). Destroyed Sub. Power Source. Acquired 4 matter. ECM Suite destroyed. WP-Y9S(R) suffers critical hit (Destroy). Acquired 4 matter. WP-Y9S(R) affixes Scrap Shield Fragment to Scrap Shield. Acquired 4 matter. Map ----- +----------------------------------------------------+ | ???????????????????????????????## *####??????????? | | ????????????????#####???????????# # #??????????? | | ???????????????## #?????????### #??????????? | | ????????###???## % #####??#### ##??????????? | | ????????# ??## ## #### ##???????????? | | ????????# ### ##????????????? | | ????????# ####?????????????? | | ???????## ### ###????????????????? | | ???????# [&&% #### #??????????????????? | | ???????### &%% ##### #??????????????????? | | ?????????# &####???# # # #?????????????????? | | ?????????# ###????##%######?????????????????? | | ?????????## ##????# ##?????????????????????? | | ??????????# #??# ##????????????????????? | | ??????????## # ###??????????????????? | | ???????????# % % #??????????????????? | | ???????????# % % #???????????????? | | ???????????## % ## ## #???????????????? | | ????????????## #### #??????#???????????????? | | ?????????????## ##???# #??????????????????????? | | ??####???????# #?????#####??????#???????????????? | | ?## ########## ####???????????? #???????????????? | | ## # % ########??? ""#???????????????? | | # %[%* %= % #[ ### "#????????????????? | | # %&& % % % R%![ #????????????????? | | # % && # # # ## !@ """ #????????????????? | | # ### #### # ### "" "" ?????????????? | | ## ## ###% % ##? "" "" #????????????? | | ?# ## #? "" ""#????????????? | | ?# ## #### #?# " ""?????????????? | | ?# #####?## #?? "?????????????? | | # ## ##### #??### #?? """ "?????????????? | | ##?# ##???# # ##????#####?? ""## "????????????? | | ???# #????# #####?????????????""??# "????????????? | | ???# #????# #????????????????? #?? #????????????? | | ???# #??### #????????????????? ????#????????????? | | ???# #### #??????????????????=?????????????????? | | ???# ###??????????????????=%????????????????? | | ???########???????????????????? *????????????????? | | ???????????????????????????????? ????????????????? | | ???????????????????????????????? ????????????????? | | ?????????????????????????????????????????????????? | | ?????????????????????????????????????????????????? | | ?????????????????????????????????????????????????? | | ?????????????????????????????????????????????????? | | ?????????????????????????????????????????????????? | | ?????????????????????????????????????????????????? | | ?????????????????????????????????????????????????? | | ?????????????????????????????????????????????????? | | ?????????????????????????????????????????????????? | +----------------------------------------------------+ Best States ------------- Heat Dissipation 25 Energy Generation 15 Energy Capacity 250 Matter Stores 300 Matter Capacity 300 Sight Range 21 Terrain Scan Range 14 Terrain Scan Density 10 ECM Strength 1 Evasion (%) 62 Recoil Reduction 2 Item Schematics ----------------- None Robot Schematics ------------------ None Fabricated ------------ Nothing Repaired ---------- Nothing Studied --------- None Alien Tech Used ----------------- None Achievements -------------- DATA ERROR: Steam Global Achievement% Organ Harvest Spot Them First Challenges ------------ None Game ------ Seed SegregatorMomentumBotcube Manual? 0 Play Time 00:22:43 Cumulative 15.5 hours Start 2025.10.27 @ 21:20:54 End 2025.10.30 @ 16:48:33 Sessions 2 Manual Loads 0 Difficulty Rogue Special Mode None Game No. 16 Rogue 5 Adventurer 11 Explorer 0 Win Type - Total 1 Types 1/0/0/0/0/0/0/0/0/0 Lore% 6 Gallery% 18 Achievement% 13 Wizard Run 0 Options --------- Layout 1 ASCII 0 Keyboard 0 Movement Mouse Keybinds 0 Fullscreen 2 Font 24/Proggy Map View 50x35 Zoom Use 0% Tactical HUD 0 Map Filters NONE Filters NONE Steam 1 RUN: 18bf895f-9bd2-4c89-90ee-7eb16eefc9fa